Map: Simulacrum LE

Players

HeroMarine - Winner!

  • Race: Terran Terran
  • Spawn Location: 5:00

liquidthermy (uThermal)

  • Race: Terran Terran
  • Spawn Location: 11:00

VOD

Have the link to the VOD?

Description

Time

  • Played on: Jan. 14, 2020, 1:43 p.m.
  • Length: 14:07
Show
View Real Time Build Order
Export as new Build Order

HeroMarine Terran - Winner!

Build Orders:  

Get SALT Encoding   

  12  0:00  SCV  
  13  0:12  SCV  
  14  0:17  Supply Depot  
  14  0:25  SCV  
  14  0:28  Refinery  
  15  0:38  SCV  
  16  0:44  Barracks  
  16  0:50  SCV  
  17  0:58  Refinery  
  17  1:03  SCV  
  18  1:15  SCV  
  19  1:31  Orbital Command, Reaper  
  20  1:35  Factory  
  20  1:46  Supply Depot  
  20  1:56  SCV  
  21  2:03  Reaper  
  22  2:08  SCV  
  23  2:19  Hellion  
  23  2:21  SCV  
  26  2:31  Command Center  
  26  2:33  SCV  
  26  2:35  Reaper  
  28  2:41  Hellion  
  28  2:42  Supply Depot  
  30  2:45  SCV  
  31  2:54  Starport  
  31  3:02  Factory Tech Lab  
  31  3:04  SCV  
  32  3:08  Barracks Tech Lab  
  32  3:16  SCV  
  33  3:22  Cyclone  
  36  3:28  SCV  
  36  3:33  Refinery  
  37  3:39  Raven  
  39  3:42  SCV, Orbital Command  
  40  3:55  SCV  
  41  3:58  Cyclone  
  44  4:07  SCV  
  44  4:08  SCV  
  46  4:10  Command Center  
  46  4:13  Barracks Reactor  
  45  4:19  SCV  
  45  4:20  SCV  
  47  4:29  Raven, Supply Depot  
  47  4:31  SCV  
  50  4:32  SCV  
  51  4:43  SCV  
  51  4:44  SCV  
  53  4:49  Supply Depot  
  53  4:50  Siege Tank  
  56  4:54  Marine x2  
  56  4:55  SCV  
  56  4:56  SCV  
  60  5:07  SCV  
  60  5:08  SCV  
  62  5:19  SCV  
  62  5:20  Viking x2  
  62  5:21  SCV  
  68  5:23  Siege Tank  
  68  5:24  Orbital Command  
  71  5:29  Marine  
  71  5:31  SCV  
  71  5:32  Stimpack  
  71  5:33  SCV  
  74  5:43  SCV  
  74  5:45  SCV, Barracks  
  74  5:46  Barracks  
  74  5:47  Marine  
  77  5:50  SCV  
  77  5:56  SCV, Engineering Bay  
  79  5:58  Starport Reactor  
  79  5:59  SCV, Engineering Bay  
  79  6:04  Siege Tank  
  79  6:05  SCV  
  79  6:08  SCV  
  78  6:12  SCV  
  78  6:15  Marine  
  78  6:17  SCV  
  81  6:20  SCV  
  81  6:24  SCV  
  83  6:29  SCV  
  83  6:32  SCV  
  85  6:36  SCV  
  85  6:40  Marine  
  85  6:42  Viking  
  85  6:44  SCV  
  85  6:47  Orbital Command  
  85  6:48  SCV, Viking  
  75  6:56  SCV, Barracks Reactor  
  75  7:00  SCV  
  77  7:06  Terran Infantry Weapons Level 1  
  78  7:08  SCV  
  78  7:12  SCV  
  78  7:13  Combat Shield, Marine, Refinery  
  78  7:14  SCV  
  81  7:20  SCV  
  81  7:21  Terran Infantry Armor Level 1  
  82  7:24  SCV  
  82  7:26  SCV  
  84  7:30  Starport Reactor  
  84  7:32  SCV  
  84  7:33  Marine  
  84  7:34  Marine x4  
  84  7:36  SCV  
  91  7:38  SCV  
  91  7:43  Barracks x2  
  92  7:44  SCV  
  92  7:45  Refinery  
  92  7:46  Refinery  
  92  7:48  Sensor Tower  
  93  7:54  Supply Depot  
  93  7:59  Supply Depot  
  93  8:00  Marine x4  
  93  8:01  SCV, Supply Depot, Siege Tank  
  101  8:12  Supply Depot  
  101  8:13  Supply Depot  
  101  8:15  Marine, Medivac x2  
  101  8:16  SCV x3  
  109  8:20  Marine x4  
  109  8:22  Armory  
  109  8:26  Command Center  
  113  8:28  SCV x3  
  113  8:34  Marauder, Barracks Tech Lab x2, Siege Tank  
  121  8:40  SCV x2  
  123  8:43  SCV  
  123  8:45  Medivac x2  
  123  8:48  Supply Depot x2  
  128  8:54  Marauder x2  
  132  8:58  Marine x4  
  132  9:01  Marauder  
  138  9:07  Concussive Shells  
  138  9:09  Siege Tank  
  140  9:11  Supply Depot  
  140  9:13  Barracks  
  140  9:15  Barracks, Marauder x2  
  140  9:16  Marine x3, Barracks  
  147  9:18  Terran Infantry Weapons Level 2  
  147  9:21  Marine  
  147  9:22  Marauder  
  150  9:24  Supply Depot  
  150  9:33  Terran Ship Weapons Level 1, Terran Infantry Armor Level 2  
  150  9:37  Marauder x2  
  153  9:40  SCV x3  
  153  9:43  Marauder  
  158  9:52  Marine x4  
  161  9:54  Viking x2  
  161  9:58  Missile Turret, Marauder x2  
  168  10:02  Supply Depot  
  168  10:03  Supply Depot  
  168  10:04  Marine, Barracks Reactor, Barracks Tech Lab  
  168  10:05  SCV x3, Barracks Tech Lab  
  172  10:10  Marine  
  173  10:18  Starport  
  173  10:19  Starport, Fusion Core  
  173  10:27  Marauder x2  
  177  10:30  Refinery  
  177  10:31  Refinery  
  177  10:32  Viking  
  177  10:35  Viking  
  180  10:58  Barracks Reactor  
  180  10:59  Marauder x3  
  180  11:00  Barracks Reactor  
  188  11:07  Advanced Ballistics, Command Center x2  
  188  11:10  Armory  
  186  11:13  Marine x2, Marauder x2  
  192  11:24  Viking x4  
  200  11:29  Planetary Fortress  
  200  11:32  Command Center  
  200  11:35  Command Center  
  200  11:39  Terran Ship Weapons Level 2  
  200  11:46  Marine  
  198  12:00  Terran Vehicle And Ship Armor Level 1  
  197  12:06  Command Center  
  197  12:22  Orbital Command  
  197  12:38  Viking  
  199  12:46  Orbital Command  
  199  12:48  Refinery, Orbital Command  
  199  12:50  Command Center  
  199  12:51  Planetary Fortress  
  199  12:53  Refinery  
  195  13:06  Liberator x3  
  195  13:07  Liberator  
  188  13:14  Marauder x2  
  187  13:22  Marauder x2  
  187  13:25  Marine x2, Marauder  
  187  13:26  Marine  
  195  13:35  Marauder x2  
  195  13:36  Marine  
  200  13:46  Marine x2  
  199  13:49  Marine  
Show
View Real Time Build Order
Export as new Build Order

liquidthermy Terran 

Build Orders: 1/1/1, Mech, Banshee Rush 

Get SALT Encoding   

  12  0:01  SCV  
  13  0:13  SCV  
  14  0:17  Supply Depot  
  14  0:25  SCV  
  14  0:28  Refinery  
  15  0:38  SCV  
  16  0:44  Barracks  
  16  0:50  SCV  
  16  0:55  Refinery  
  17  1:02  SCV  
  18  1:15  SCV  
  19  1:31  Orbital Command, Reaper  
  20  1:34  Factory  
  20  1:42  Supply Depot  
  20  1:57  SCV  
  21  2:03  Reaper  
  22  2:09  SCV  
  23  2:18  Hellion  
  23  2:20  Starport  
  23  2:21  SCV  
  26  2:33  SCV  
  26  2:34  Supply Depot  
  26  2:35  Barracks Tech Lab  
  27  2:39  Widow Mine  
  29  2:54  Command Center  
  29  3:03  Cloaking Field  
  29  3:07  Banshee  
  29  3:09  SCV  
  29  3:11  Marine  
  34  3:13  Factory Tech Lab  
  34  3:19  Supply Depot  
  34  3:22  SCV  
  36  3:35  SCV, Barracks Reactor  
  36  3:39  Hellion  
  38  3:43  Refinery  
  38  3:48  SCV  
  39  3:49  Banshee  
  42  4:00  SCV  
  43  4:03  Siege Tank  
  43  4:09  Orbital Command  
  46  4:12  SCV  
  46  4:17  Marine x2  
  49  4:24  SCV  
  50  4:32  Banshee  
  50  4:34  Marine  
  50  4:36  SCV  
  50  4:37  Siege Tank  
  55  4:39  Marine  
  55  4:44  SCV  
  57  4:46  Supply Depot  
  57  4:51  SCV  
  57  4:52  Marine  
  59  4:57  Marine  
  59  4:58  SCV  
  61  5:02  Supply Depot  
  61  5:09  Siege Tank  
  61  5:11  SCV  
  61  5:13  SCV  
  70  5:23  SCV  
  70  5:27  Command Center  
  67  5:32  Viking  
  67  5:33  Viking  
  71  5:35  SCV  
  71  5:36  SCV  
  71  5:42  Siege Tank  
  76  5:46  Refinery  
  76  5:49  Supply Depot  
  76  5:50  SCV  
  76  5:53  SCV  
  78  6:11  SCV x2, Viking x2  
  84  6:16  Siege Tank  
  84  6:23  SCV  
  85  6:29  SCV  
  86  6:35  SCV  
  86  6:39  SCV  
  79  6:43  Viking  
  79  6:44  Viking  
  79  6:45  SCV  
  74  6:49  SCV, Siege Tank  
  74  6:53  SCV  
  72  6:58  SCV  
  72  7:01  SCV  
  71  7:10  SCV  
  71  7:13  SCV, Factory x2  
  73  7:15  Viking x2  
  73  7:18  Barracks Reactor  
  73  7:21  Refinery  
  73  7:22  SCV, Refinery  
  78  7:26  Engineering Bay  
  78  7:30  SCV  
  78  7:33  Orbital Command  
  78  7:34  SCV  
  78  7:36  Siege Tank  
  83  7:42  SCV  
  84  7:46  Viking x2  
  84  7:49  SCV  
  84  7:50  Supply Depot  
  89  7:54  SCV  
  90  7:59  Siege Tank  
  90  8:00  SCV, Sensor Tower  
  90  8:01  SCV  
  97  8:05  Supply Depot, Hellion  
  97  8:07  Hellion  
  97  8:08  SCV  
  100  8:13  Siege Tank  
  100  8:15  Supply Depot  
  100  8:17  Viking  
  100  8:18  Viking  
  107  8:21  SCV x2  
  107  8:26  Supply Depot  
  109  8:27  SCV  
  109  8:29  Hellion  
  109  8:30  Hellion  
  109  8:31  Siege Tank  
  117  8:38  Armory  
  117  8:39  Armory  
  117  8:41  Supply Depot  
  117  8:46  Supply Depot  
  117  8:47  Viking  
  119  8:48  Viking  
  119  8:53  Siege Tank  
  119  8:54  Hellion x2  
  128  9:02  Command Center  
  128  9:05  Supply Depot  
  128  9:09  Siege Tank  
  131  9:10  Infernal Pre-Igniter  
  131  9:17  Viking  
  131  9:18  Viking  
  131  9:21  Hellion x2  
  139  9:26  Terran Vehicle Weapons Level 1  
  139  9:27  Supply Depot, Terran Vehicle And Ship Armor Level 1  
  139  9:35  Missile Turret  
  139  9:36  Siege Tank  
  139  9:38  Missile Turret  
  142  9:41  Siege Tank  
  145  9:47  Supply Depot, Command Center  
  145  9:48  Viking  
  145  9:51  Viking  
  149  9:57  Hellion x2  
  149  10:06  Factory  
  149  10:07  Factory  
  149  10:12  Siege Tank  
  149  10:13  SCV x2, Missile Turret  
  154  10:15  Missile Turret x2  
  154  10:24  Missile Turret  
  154  10:26  Missile Turret  
  154  10:28  Refinery  
  154  10:29  Refinery  
  154  10:30  Viking  
  154  10:31  Viking  
  154  10:33  SCV  
  153  10:42  Thor  
  153  10:45  Hellion  
  153  10:48  Planetary Fortress  
  159  10:51  Hellion  
  159  10:53  Factory Reactor, Factory Tech Lab  
  159  10:54  SCV  
  160  11:00  Missile Turret, Orbital Command  
  160  11:02  Viking  
  162  11:05  Viking  
  164  11:14  Sensor Tower  
  164  11:15  Missile Turret  
  164  11:16  Missile Turret  
  164  11:17  Thor  
  170  11:25  Thor  
  174  11:36  Terran Vehicle Weapons Level 2, Command Center  
  174  11:38  Terran Vehicle And Ship Armor Level 2  
  174  11:41  SCV x3  
  177  11:47  Thor  
  177  11:51  Hellion  
  177  11:52  Hellion  
  177  11:54  Hellion  
  187  11:55  Hellion  
  185  12:03  Barracks  
  185  12:05  Thor  
  191  12:09  Viking  
  191  12:11  Viking  
  195  12:18  Hellion  
  195  12:19  Hellion  
  199  12:32  Command Center  
  199  12:44  Missile Turret  
  199  12:45  Missile Turret  
  199  12:46  Command Center  
  199  13:06  Starport x2  
  199  13:07  Fusion Core  
  154  13:53  Factory  
  154  13:55  Factory  
  154  14:02  Starport Tech Lab  
  144  14:03  Starport Reactor  
Tags
 
Add a new tag
Caveats
  • Supply blocks, unpowered buildings, or Contaminate may cause inaccurate times.
  • Supply counts are checked every 10 seconds.